 Dungeon Crawl Stone Soup version 0.26.1-2-gb8aa6d0cf2 (webtiles) character file.

Game seed: 11218420643533668294

5147 idk the Fighter (level 10, -5/93 HPs)
             Began as a Green Draconian Ice Elementalist on Feb 17, 2021.
             Was a Follower of Makhleb.
             Slain by Erolcha
             ... wielding a +4 giant club
              (11 damage)
             ... while paralysed by Erolcha
             ... on level 9 of the Dungeon.
             The game lasted 00:40:39 (12242 turns).

idk the Fighter (Green Draconian Ice Elementalist) Turns: 12242, Time: 00:40:39

Health: -5/93      AC: 14    Str: 10    XL:     10   Next: 33%
Magic:  7/13       EV:  2    Int: 18    God:    Makhleb [*.....]
Gold:   227        SH:  0    Dex: 13    Spells: 7/13 levels left

rFire    . . .     SeeInvis .   a - +1 scimitar (flame)
rCold    . . .     Faith    .   q - +0 kite shield
rNeg     . . .     Spirit   .   (armour unavailable)
rPois    +         Reflect  .   (helmet restricted)
rElec    .         Harm     .   (no cloak)
rCorr    .         Rampage  .   (no gloves)
Will     .....                  j - +2 pair of boots of Purpose {+Blink +Fly}
Stlth    ++........             t - amulet of the acrobat
HPRegen  0.25/turn              k - +4 ring of protection
MPRegen  0.13/turn              (no ring)

@: paralysed, very slightly contaminated
A: breathe noxious fumes, unfitting armour, poison resistance, cold-blooded, AC
+7
a: Breathe Noxious Fumes, Renounce Religion, Evoke Blink, Evoke Flight


You were on level 9 of the Dungeon.
You worshipped Makhleb.
Makhleb was aware of your devotion.
You visited 2 branches of the dungeon, and saw 10 of its levels.

You collected 442 gold pieces.
You spent 215 gold pieces at shops.

Inventory:

Hand Weapons
 a - a +1 scimitar of flaming (weapon)
Missiles
 d - 14 poisoned darts (quivered)
Armour
 j - the +2 pair of boots of Purpose (worn) {+Blink +Fly}
   (You found it on level 5 of the Dungeon)

   It lets you fly.
   It lets you blink.
 q - a +0 kite shield (worn)
Jewellery
 k - a +4 ring of protection (left hand)
 t - an amulet of the acrobat (around neck)
Wands
 m - a wand of paralysis (9)
Scrolls
 f - 7 scrolls of enchant armour
 g - 2 scrolls of fog
 r - 2 scrolls of identify
 s - 3 scrolls of magic mapping
 v - 2 scrolls of enchant weapon
 w - 2 scrolls of teleportation
 x - 4 scrolls of remove curse
 y - a scroll of amnesia
Potions
 b - a potion of magic {unknown}
 c - 2 potions of brilliance {unknown}
 h - 2 potions of curing
 i - 3 potions of lignification {unknown}
 l - a potion of heal wounds {unknown}
 o - 3 potions of attraction
 p - 2 potions of might {unknown}
 u - 2 potions of cancellation {unknown}
 A - a potion of mutation {unknown}


   Skills:
 - Level 10.0 Fighting
 * Level 4.4 Long Blades
 + Level 3.3 Dodging
 - Level 1.7 Stealth
 - Level 9.0 Shields
 - Level 2.3 Spellcasting
 - Level 6.0 Ice Magic
 - Level 4.0 Evocations


You had 7 spell levels left.
You knew the following spells:

 Your Spells              Type           Power        Failure   Level
a - Frozen Ramparts       Ice            46%          10%         3
b - Ozocubu's Armour      Ice            23%          10%         3

Your spell library contained the following spells:

 Spells                   Type           Power        Failure   Level
 Freeze                   Ice            92%          3%          1
 Sandblast                Erth           4%           36%         1
 Passwall                 Tmut/Erth      1%           50%         2
 Hailstorm                Conj/Ice       12%          73%         4
 Summon Ice Beast         Ice/Summ       12%          73%         4
 Stone Arrow              Conj/Erth      4%           75%         3
 Petrify                  Tmut/Erth      2%           98%         4
 Lee's Rapid Deconstruct  Erth           1%           100%        5


Dungeon Overview and Level Annotations

Branches:
Dungeon (9/15)             Temple (1/1) D:5            Lair (0/6) D:8
    Orc: D:9-12

Altars:
Ashenzari
Cheibriados
Dithmenos
Elyvilon
Fedhas
Gozag
Hepliaklqana
Kikubaaqudgha
Makhleb
Nemelex Xobeh
Okawaru
Qazlal
Ru
Sif Muna
Trog
Uskayaw
Vehumet
Wu Jian
Xom
Yredelemnul
Zin
Beogh

Shops:
D:4 ?   D:5 =

Annotations:
D:4 3 runed translucent doors, Cleetus's ghost, novice FoFi
D:8 Gastronok; Maggie
D:9 Erolcha


Innate Abilities, Weirdness & Mutations

You can breathe blasts of noxious fumes.
Your lurid green scales are hard. (AC +7)
You cannot fit into any form of body armour.
Your system is resistant to poisons. (rPois)
You are cold-blooded and may be slowed by cold attacks.


Message History

The fireball explodes!
The fireball engulfs you but does no damage.
The heat melts your icy armour.
Your icy armour and frozen ramparts will break if you move.
Continue?
Your icy armour cracks and falls away as you move.
The frozen ramparts melt away as you move.
You flicker back into view.
Erolcha hits you with a +4 giant club!!
You hit Erolcha but do no damage.
Erolcha is severely wounded.
Erolcha casts a spell at you.
You suddenly lose the ability to move!
Erolcha screams, "Eat!"
Erolcha hits you but does no damage. Erolcha hits you with a +4 giant club!
You have got your breath back.
Erolcha hits you with a +4 giant club!!
* * * LOW HITPOINT WARNING * * *
Erolcha hits you with a +4 giant club!
You die...

...........................##
............≈≈≈≈≈.........##
............≈≈≈≈≈........##
............≈≈≈≈≈.......##
............≈≈≈≈≈......##
≈≈≈.........≈≈≈≈≈.....##
≈≈≈..................##
≈≈≈.............O...##
≈≈≈.............@..##
..........## .........##
......†)## .......## ......#
.....# ....# ...#


You could see Erolcha.

Vanquished Creatures
  Erica (D:8)
  Pikel (D:4)
  An elephant (D:8)
  Psyche (D:9)
  A basilisk (D:8)
  6 yaks
  A sky beast (D:7)
  A black bear (D:8)
  A phantom (D:6)
  2 orc warriors
  3 ogres
  4 centaurs
  A bullfrog (D:8)
  A wyvern skeleton (D:6)
  2 scorpions
  A water moccasin skeleton (D:8)
  6 killer bees
  An electric eel (D:8)
  A quasit (D:6)
  4 hounds
  2 jellies
  2 centaur skeletons
  2 orc priests
  3 iguanas
  3 orc wizards
  A worker ant (D:4)
  A hound skeleton (D:4)
  Robin (D:2)
  A howler monkey skeleton (D:7)
  2 worker ant zombies
  12 adders
  A gnoll (D:1)
  A shadow imp (D:5)
  2 white imps
  An ufetubus (D:9)
  An adder zombie (D:5)
  2 worms
  2 dart slugs
  7 leopard geckos
  14 orcs
  9 bats
  4 giant cockroaches
  17 goblins
  15 hobgoblins
  10 jackals
  A quokka (D:8)
  4 ball pythons
  7 frilled lizards
  A jackal skeleton (D:4)
  12 kobolds
  A leopard gecko skeleton (D:4)
  A quokka zombie (D:9)
  10 rats
193 creatures vanquished.

Vanquished Creatures (others)
  An adder (D:9)
  2 fungi (D:8)
  A plant (D:2)
4 creatures vanquished.

Grand Total: 197 creatures vanquished

Notes
Turn   | Place    | Note
-------+----------+-------------------------------------------
     0 | D:1      | idk the Draconian Ice Elementalist began the quest for the
                  | Orb.
     0 | D:1      | Reached XP level 1. HP: 14/14 MP: 3/3
   123 | D:1      | Reached skill level 1 in Fighting
   159 | D:1      | Reached XP level 2. HP: 19/23 MP: 1/5
   284 | D:1      | Reached skill level 2 in Fighting
   686 | D:1      | Reached XP level 3. HP: 30/30 MP: 6/6
   690 | D:1      | Learned a level 3 spell: Frozen Ramparts
   885 | D:1      | Reached skill level 3 in Fighting
  1480 | D:2      | Reached XP level 4. HP: 34/38 MP: 4/7
  1484 | D:2      | Learned a level 3 spell: Ozocubu's Armour
  1689 | D:2      | Noticed Robin
  1693 | D:2      | Killed Robin
  1703 | D:2      | Reached skill level 5 in Ice Magic
  1938 | D:2      | Found a broken altar of Ashenzari.
  2282 | D:2      | Found a shimmering altar of Xom.
  2283 | D:2      | Found a white marble altar of Elyvilon.
  2500 | D:3      | Reached skill level 1 in Shields
  2612 | D:3      | Reached XP level 5. HP: 41/45 MP: 4/8
  3097 | D:3      | Found a shimmering blue altar of Sif Muna.
  3935 | D:4      | Noticed an ogre
  3944 | D:4      | Killed an ogre
  3945 | D:4      | Reached XP level 6. HP: 36/51 MP: 3/9
  4260 | D:4      | Reached skill level 5 in Shields
  4517 | D:4      | Found Nik Lik's Magic Scroll Shoppe.
  4522 | D:4      | Bought a scroll of teleportation for 30 gold pieces
  4522 | D:4      | Bought a scroll of blinking for 75 gold pieces
  4522 | D:4      | Bought a scroll of magic mapping for 35 gold pieces
  4585 | D:4      | Found a runed translucent gate.
  4585 | D:4      | Found a runed translucent gate.
  4585 | D:4      | Found a runed translucent gate.
  4588 | D:4      | Identified the cursed +1 hunting sling of Cobwebs {venom,
                  | rPois rC+ Will++}
  4588 | D:4      | Identified the +3 chain mail of Dishonour {-Tele MP+9 Str-2
                  | Int+7}
  4589 | D:4      | Identified the +4 plate armour of the Catfish {Slay+2}
  4589 | D:4      | Noticed an orc warrior
  4589 | D:4      | Noticed Cleetus's ghost (novice FoFi)
  5051 | D:4      | Your scales start taking on a lurid green colour.
  5051 | D:4      | Reached XP level 7. HP: 58/58 MP: 6/10
  5051 | D:4      | Gained mutation: Your system is resistant to poisons.
                  | (rPois) [Green Draconian growth]
  5318 | D:4      | Found a roughly hewn altar of Beogh.
  5347 | D:4      | Bought a scroll of enchant armour for 75 gold pieces
  5375 | D:5      | Entered Level 5 of the Dungeon
  5438 | D:5      | Noticed Pikel
  5477 | D:4      | Killed Pikel
  5478 | D:4      | Reached skill level 5 in Fighting
  5741 | D:5      | Reached XP level 8. HP: 68/68 MP: 6/11
  5806 | D:5      | Found a staircase to the Ecumenical Temple.
  5820 | Temple   | Entered the Ecumenical Temple
  6136 | D:5      | Got a pair of encrusted boots
  6137 | D:5      | Found Doumasio's Jewellery Shop.
  6470 | D:5      | Found a shimmering altar of Xom.
  6612 | D:5      | Found a snail-covered altar of Cheibriados.
  6614 | D:5      | Found a sacrificial altar of Ru.
  7066 | D:6      | Found a burning altar of Makhleb.
  7084 | D:6      | Became a worshipper of Makhleb the Destroyer
  7335 | D:6      | Found a broken altar of Ashenzari.
  7602 | D:6      | Identified the +2 pair of boots of Purpose {+Blink +Fly}
                  | (You found it on level 5 of the Dungeon)
  8064 | D:7      | Reached skill level 1 in Evocations
  8641 | D:7      | Reached skill level 6 in Fighting
  8760 | D:7      | Found a stormy altar of Qazlal.
  9049 | D:8      | Noticed Erica
  9175 | D:8      | Reached XP level 9. HP: 48/75 MP: 8/12
  9348 | D:8      | Noticed an elephant
  9366 | D:8      | Killed an elephant
  9437 | D:8      | Reached skill level 7 in Fighting
  9586 | D:8      | Found a staircase to the Lair.
 10221 | D:8      | Reached skill level 8 in Fighting
 10396 | D:8      | Killed Erica
 10397 | D:8      | Reached skill level 9 in Fighting
 10655 | D:8      | Noticed Maggie
 10863 | D:8      | Reached skill level 1 in Long Blades
 10868 | D:8      | Noticed Gastronok
 11209 | D:8      | Reached XP level 10. HP: 88/93 MP: 9/13
 11491 | D:8      | Reached skill level 10 in Fighting
 12203 | D:9      | Reached * piety under Makhleb
 12215 | D:9      | Noticed Psyche
 12220 | D:9      | Noticed Erolcha
 12224 | D:9      | Killed Psyche
 12237 | D:9      | Paralysed by Erolcha for 6 turns
 12242 | D:9      | Slain by Erolcha

Illustrated notes

Levels and vault maps discovered:
D:1:      minmay_arrival_arboretum_small, layout_basic,
          chequers_serial_rivers_room_b, minmay_domino_2
D:2:      wander_river, layout_basic, gammafunk_temple_overflow_wave,
          overflow_temple_1_default, minmay_bisected, uniq_robin
D:3:      layout_basic, led_sif_pool
D:4:      layout_basic, biasface_ghost_orc_armoury, serial_shops, shop
D:5:      layout_basic, minitemple, minmay_temple_entry_gardened_gates,
          minmay_shop_enchanted_jewellery, xom_teletrap_fun, uniq_pikel
D:6:      cheibrodos_quashed, layout_rooms, makhleb_heckhound_becter,
          basic_altar
D:7:      layout_loops_corners, kennysheep_little_box, minmay_misc_feat_five
D:8:      layout_basic, david_lair_generic, kennysheep_boxes, uniq_erica,
          uniq_gastronok, uniq_maggie
D:9:      layout_big_octagon, nicolae_overflow_hidden_temple, erik_orc_1,
          uniq_erolcha, uniq_psyche
Temple:   cyrus_circular_temple

Skill      XL: |  1  2  3  4  5  6  7  8  9 10 |
---------------+-------------------------------+-----
Fighting       | 1 2 3 5 6 9 10 | 10.0
Ice Magic      | 5 6 |  6.0
Shields        | 1 3 5 7 8 9 |  9.0
Evocations     | 3 4 |  4.0
Long Blades    | 1 4 |  4.4
Dodging        | 2 3 |  3.3
Stealth        | |  1.7
Spellcasting   | |  2.3

Action                   |  1- 3 |  4- 6 |  7- 9 | 10-12 || total
-------------------------+-------+-------+-------+-------++-------
Melee: Short sword       |    36 |    87 |   113 |       ||   236
       Club              |     1 |       |       |       ||     1
       Unarmed           |     1 |       |       |       ||     1
       Spear             |    53 |    33 |     6 |       ||    92
       Tailslap          |     5 |    18 |    35 |     3 ||    61
       Rapier            |       |     5 |       |       ||     5
       War axe           |       |    10 |       |       ||    10
       Flail             |       |       |   126 |       ||   126
       Scimitar          |       |       |    23 |    48 ||    71
Throw: Stone             |     1 |     6 |       |       ||     7
       Dart              |       |       |     6 |       ||     6
 Cast: Freeze            |    14 |       |       |       ||    14
       Frozen Ramparts   |     8 |    39 |    53 |     4 ||   104
       Ozocubu's Armour  |       |     2 |     3 |     5 ||    10
 Abil: Breathe Noxious F |       |       |    16 |     4 ||    20
Evoke: Wand              |       |       |     1 |     3 ||     4
  Use: Scroll            |     1 |       |    12 |       ||    13
       Potion            |     1 |       |       |       ||     1
 Stab: Sleeping          |     1 |     1 |     3 |       ||     5
       Distracted        |       |     1 |       |       ||     1
       Confused          |       |       |     1 |       ||     1
Armor: Skin              |    20 |    43 |    94 |    25 ||   182
Dodge: Dodged            |    54 |    61 |   143 |    29 ||   287
Block: Kite shield       |       |    10 |   154 |    34 ||   198
       Rpst.: Scimitar   |       |       |     6 |     5 ||    11
